 Dungeon Crawl Stone Soup version 0.29.1-13-g9f3cf754e1 (webtiles) character file.

Game seed: 7440184835657487995

12943 cheesebisquit the Severer (level 11, -5/99 HPs)
             Began as a Minotaur Fighter on Jan 30, 2023.
             Was a Priest of Qazlal.
             Slain by a seven-headed hydra (13 damage)
             ... on level 11 of the Dungeon on Jan 31, 2023.
             The game lasted 00:31:36 (12216 turns).

cheesebisquit the Severer (Minotaur Fighter)       Turns: 12216, Time: 00:31:37

Health: -5/99      AC: 19    Str: 25    XL:     11   Next: 69%
Magic:  10/13      EV:  5    Int:  7    God:    Qazlal [***...]
Gold:   626        SH: 13    Dex: 10    Spells: 10/10 levels left

rFire   . . .      SeeInvis +   b - +0 war axe (flame)
rCold   . . .      Faith    .   r - +0 kite shield
rNeg    + . .      Spirit   .   P - +0 plate armour
rPois   .          Reflect  .   (helmet restricted)
rElec   .          Harm     .   v - +1 cloak
rCorr   .          Rampage  .   L - +2 pair of gloves
Will    .....                   (no boots)
Stlth   ..........              (no amulet)
HPRegen 0.26/turn               y - ring of positive energy
MPRegen 0.13/turn               j - ring "Tyest" {Int+2 SInv}

@: about to teleport, hasted, very quick
A: horns 2, retaliatory headbutt
a: Renounce Religion, Upheaval, Elemental Force


You were on level 11 of the Dungeon.
You worshipped Qazlal.
Qazlal was most pleased with you.
You visited 2 branches of the dungeon, and saw 12 of its levels.

You collected 626 gold pieces.

Inventory:

Hand Weapons
 a - a +2 broad axe
 b - a +0 war axe of flaming (weapon)
 G - a +1 war axe of venom
Missiles
 h - 51 poisoned darts (quivered)
 s - a throwing net
 K - 2 boomerangs
Armour
 r - a +0 kite shield (worn)
 v - a +1 cloak (worn)
 L - a +2 pair of gloves (worn)
 P - a +0 plate armour (worn)
Jewellery
 g - an amulet of faith
 j - the ring "Tyest" (right hand) {Int+2 SInv}
   (You found it on level 9 of the Dungeon)

   [ring of see invisible]

   Int:       It affects your intelligence (+2).
   SInv:      It lets you see invisible.
 y - a ring of positive energy (left hand)
 D - a ring of protection from fire
 E - a ring of magical power
Wands
 e - a wand of quicksilver (11)
 o - a wand of polymorph (7)
 A - a wand of mindburst (28)
 C - a wand of roots (12)
Scrolls
 n - a scroll of fear
 p - a scroll of immolation {unknown}
 q - 4 scrolls of poison
 x - a scroll of vulnerability {unknown}
 B - a scroll of butterflies {unknown}
 H - a scroll of magic mapping {unknown}
 I - a scroll of silence {unknown}
 N - a scroll of brand weapon {unknown}
Potions
 d - a potion of might
 f - 3 potions of flight {unknown}
 i - 3 potions of mutation
 k - 4 potions of degeneration {unknown}
 l - 2 potions of ambrosia
 m - 2 potions of haste
 t - a potion of magic {unknown}
 z - 2 potions of berserk rage {unknown}
 J - 2 potions of cancellation
 M - 2 potions of heal wounds {unknown}


   Skills:
 - Level 9.7 Fighting
 + Level 17.3 Axes
 - Level 7.4 Armour
 - Level 7.4 Shields
 - Level 5.0 Invocations


You had 10 spell levels left.
You didn't know any spells.
Your spell library contained the following spells:

 Spells                   Type           Power      Damage    Failure   Level
 Dazzling Flash           Conj/Hex       0%         N/A       100%        3
 Stone Arrow              Conj/Erth      0%         3d7       100%        3
 Tukima's Dance           Hex            0%         N/A       100%        3
 Animate Armour           Summ/Erth      0%         N/A       100%        4
 Iskenderun's Mystic Bla  Conj/Tloc      0%         2d3       100%        4
 Passage of Golubria      Tloc           0%         N/A       100%        4
 Summon Ice Beast         Ice/Summ       0%         N/A       100%        4
 Summon Mana Viper        Hex/Summ       0%         N/A       100%        5
 Yara's Violent Unravell  Hex/Tmut       0%         3d3       100%        5
 Starburst                Conj/Fire      0%         6d3       100%        6
 Monstrous Menagerie      Summ           0%         N/A       100%        7
 Lehudib's Crystal Spear  Conj/Erth      0%         10d2      100%        8


Dungeon Overview and Level Annotations

Branches:
Dungeon (11/15)            Temple (1/1) D:6             Orc (0/2) D:10
   Lair: D:8-11

Altars:
Ashenzari
Cheibriados
Dithmenos
Elyvilon
Fedhas
Gozag
Hepliaklqana
Kikubaaqudgha
Makhleb
Nemelex Xobeh
Okawaru
Qazlal
Ru
Sif Muna
Trog
Uskayaw
Vehumet
Wu Jian
Xom
Yredelemnul
Zin
The Shining One


Innate Abilities, Weirdness & Mutations

You have a pair of horns on your head.
You reflexively headbutt those who attack you in melee.


Message History

Magma suddenly erupts from the ground!
The blast of magma engulfs Sonja!
You kill Sonja!
Qazlal accepts your kill.
You feel extremely sick.
The seven-headed hydra bites you but does no damage.
You block the seven-headed hydra's attack.
The seven-headed hydra bites you but does no damage.
The seven-headed hydra bites you.
* * * LOW HITPOINT WARNING * * *
The seven-headed hydra bites you but does no damage. x2
The seven-headed hydra bites you!
* * * LOW HITPOINT WARNING * * *
You feel better. The seven-headed hydra bites you.
* * * LOW HITPOINT WARNING * * *
The seven-headed hydra bites you but does no damage.
You block the seven-headed hydra's attack.
The seven-headed hydra bites you but does no damage. x2
The seven-headed hydra bites you.
* * * LOW HITPOINT WARNING * * *
You block the seven-headed hydra's attack.
You feel yourself speed up.
The seven-headed hydra bites you but does no damage.
You block the seven-headed hydra's attack. x2
The seven-headed hydra bites you but does no damage. x2
You block the seven-headed hydra's attack.
The seven-headed hydra bites you but does no damage.
As you read the scroll of fear, it crumbles to dust.
You assume a fearsome visage.
The seven-headed hydra resists with some effort.
As you read the scroll of teleportation, it crumbles to dust.
You feel strangely unstable.
The seven-headed hydra bites you but does no damage. x2
You block the seven-headed hydra's attack.
The seven-headed hydra barely misses you.
The seven-headed hydra bites you!
* * * LOW HITPOINT WARNING * * *
The seven-headed hydra barely misses you.
The seven-headed hydra bites you!
You die...

#...# #.........#
###.######...##...#
#.......#.#######
#######.#.# #.#.#
########.#.#
.........#.#
.#######.#.# #.#@##
#.D#.##### . #(###....#
.. #..#.###.# ?.. #.#.##
#.# D... #.### #.# .#..K
#>######.#
......##.....##.#
.........###.##.########


You could see a seven-headed hydra.

Vanquished Creatures
  A two-headed ogre (D:11)
  Sonja (D:11)
  Pikel (D:7)
  Maurice (D:9)
  5 trolls
  Prince Ribbit (D:8)
  Sigmund (D:2)
  2 wyverns
  A wraith (D:8)
  A shadow (D:9)
  5 steam dragons
  26 yaks
  2 acid dragons
  A sky beast (D:8)
  A black bear (D:5)
  3 orc warriors
  2 ice beasts
  6 ogres
  4 centaurs
  2 phantoms
  4 bullfrogs
  3 necrophages
  5 kobold brigands
  3 gnoll sergeants (D:10)
  A scorpion (D:7)
  3 wights (D:4)
  16 killer bees
  A howler monkey (D:5)
  A jelly (D:6)
  6 orc priests
  2 gnoll boudas
  4 hounds
  Crazy Yiuf (D:2)
  3 iguanas
  8 orc wizards
  11 gnolls
  8 adders
  A white imp (D:6)
  An ufetubus (D:5)
  A worm (D:3)
  2 dart slugs
  29 orcs
  11 ball pythons
  6 bats
  3 endoplasms
  A giant cockroach (D:3)
  9 goblins
  5 hobgoblins
  2 jackals (D:4)
  5 quokkas
  3 frilled lizards (D:1)
  11 kobolds
  6 rats
243 creatures vanquished.

Vanquished Creatures (others)
  24 plants (D:8)
24 creatures vanquished.

Grand Total: 267 creatures vanquished

Notes
Turn   | Place    | Note
-------+----------+-------------------------------------------
     0 | D:1      | cheesebisquit the Minotaur Fighter began the quest for the
                  | Orb.
     0 | D:1      | Reached XP level 1. HP: 19/19 MP: 0/0
    79 | D:1      | Reached XP level 2. HP: 24/27 MP: 1/1
   298 | D:1      | Reached skill level 3 in Axes
   939 | D:2      | Reached XP level 3. HP: 33/33 MP: 2/2
   945 | D:2      | Identified the +3 dagger "Byaf" {drain, Str+4}
  1066 | D:2      | Noticed Sigmund
  1076 | D:2      | Killed Sigmund
  1077 | D:2      | Reached skill level 6 in Axes
  1077 | D:2      | Reached XP level 4. HP: 40/40 MP: 3/3
  1077 | D:2      | Reached XP level 5. HP: 46/46 MP: 4/4
  2008 | D:2      | Found a runed translucent door.
  2009 | D:2      | Noticed Crazy Yiuf
  2078 | D:2      | Killed Crazy Yiuf
  2079 | D:2      | Reached skill level 7 in Axes
  2182 | D:3      | Reached XP level 6. HP: 52/52 MP: 5/5
  2300 | D:3      | Found a faded altar of an unknown god.
  2484 | D:3      | Found a blossoming altar of Fedhas.
  2769 | D:4      | Reached skill level 8 in Axes
  2980 | D:4      | Reached XP level 7. HP: 38/59 MP: 6/6
  3124 | D:4      | Reached skill level 9 in Axes
  3602 | D:5      | Entered Level 5 of the Dungeon
  3668 | D:5      | Reached skill level 10 in Axes
  3745 | D:5      | Reached skill level 11 in Axes
  3745 | D:5      | Reached XP level 8. HP: 60/66 MP: 7/7
  4508 | D:6      | Found a staircase to the Ecumenical Temple.
  4512 | Temple   | Entered the Ecumenical Temple
  4620 | Temple   | Became a worshipper of Qazlal Stormbringer
  4679 | D:6      | Reached skill level 12 in Axes
  4830 | D:6      | Noticed a troll
  4837 | D:6      | Killed a troll
  4838 | D:6      | Reached skill level 13 in Axes
  5471 | D:6      | Noticed an angel
  5472 | D:6      | Found a glowing silver altar of Zin.
  5625 | D:7      | Reached XP level 9. HP: 32/71 MP: 8/8
  5632 | D:7      | Reached skill level 14 in Axes
  5927 | D:7      | Reached * piety under Qazlal
  6283 | D:7      | Reached skill level 15 in Axes
  6364 | D:7      | Noticed Pikel
  6372 | D:7      | Killed Pikel
  6373 | D:7      | Reached skill level 16 in Axes
  6686 | D:7      | Identified the +2 falchion "Newt's Peril" {freeze, Str+2}
  7326 | D:8      | Noticed Prince Ribbit
  7339 | D:8      | Reached skill level 1 in Invocations
  7339 | D:8      | Reached XP level 10. HP: 80/80 MP: 9/9
  7357 | D:8      | HP: 4/80 [yak (11)]
  7358 | D:8      | Killed Prince Ribbit
  7359 | D:8      | Reached skill level 5 in Fighting
  7813 | D:8      | Reached skill level 5 in Armour
  7813 | D:8      | Reached skill level 5 in Shields
  7944 | D:8      | Found a bloodstained altar of Trog.
  7958 | D:8      | Found a broken altar of Ashenzari.
  8132 | D:8      | Reached ** piety under Qazlal
  8644 | D:9      | Noticed Maurice
  9040 | D:9      | Identified the ring "Tyest" {Int+2 SInv}
  9293 | D:9      | Killed Maurice
  9294 | D:9      | Reached XP level 11. HP: 78/95 MP: 13/13
  9624 | D:9      | Found an ancient bone altar of Kikubaaqudgha.
  9736 | D:9      | Found a shimmering blue altar of Sif Muna.
 10054 | D:10     | Entered Level 10 of the Dungeon
 10213 | D:10     | Reached *** piety under Qazlal
 11199 | D:10     | Reached skill level 5 in Invocations
 11362 | D:10     | Found a staircase to the Orcish Mines.
 11982 | D:11     | Noticed a two-headed ogre
 11995 | D:11     | Killed a two-headed ogre
 11996 | D:11     | Reached skill level 17 in Axes
 12193 | D:11     | Noticed Sonja
 12193 | D:11     | Noticed an eight-headed hydra
 12211 | D:11     | Killed Sonja
 12216 | D:11     | Slain by a seven-headed hydra

Illustrated notes

Levels and vault maps discovered:
D:1:      evilmike_arrival_crescent, layout_basic
D:2:      layout_basic, nicolae_hexahallways, uniq_crazy_yiuf_cottage,
          uniq_sigmund
D:3:      minmay_skewed_foursquare, layout_rooms, fedhas_altar_1,
          hellmonk_ecumenical_altar_heavens_door
D:4:      wander_river, layout_cave_pools
D:5:      layout_rooms
D:6:      layout_loops_cross, zin_angel, minmay_temple_entry_grid
D:7:      layout_layer_cave, uniq_pikel
D:8:      layout_loops_corners, mainiacjoe_overflow_catch_the_wave,
          uniq_prince_ribbit1
D:9:      layout_rooms, nicolae_kikubaaqudgha_miasma_corner,
          nicolae_overflow_crystal_walls, uniq_maurice
D:10:     layout_layer_cave, kennysheep_orc_monster_closet_entryway
D:11:     layout_loops_ring, lair_entry_dummy, uniq_sonja
Temple:   lightli_temple_of_artemis

Skill      XL: |  1  2  3  4  5  6  7  8  9 10 11 |
---------------+----------------------------------+-----
Fighting       | 4 8 9 |  9.7
Axes           | 3 6 7 8 11 13 16 17 | 17.3
Armour         | 4 6 7 |  7.4
Shields        | 4 6 7 |  7.4
Invocations    | 1 4 5 |  5.0

Action                   |  1- 3 |  4- 6 |  7- 9 | 10-12 || total
-------------------------+-------+-------+-------+-------++-------
Melee: War axe           |    72 |    74 |   232 |   126 ||   504
       Headbutt          |     7 |    12 |    35 |    65 ||   119
       Broad axe         |       |       |       |   160 ||   160
Throw: Dart              |       |     3 |     2 |       ||     5
Invok: Upheaval          |       |       |       |     1 ||     1
  Use: Scroll            |       |     1 |     5 |    11 ||    17
       Potion            |       |       |     7 |     8 ||    15
Armor: Scale mail        |    39 |    24 |    35 |       ||    98
       Chain mail        |       |       |    77 |    78 ||   155
       Plate armour      |       |       |       |    38 ||    38
Dodge: Dodged            |    40 |    29 |    84 |    75 ||   228
Block: Buckler           |    15 |    19 |    35 |    89 ||   158
       Kite shield       |       |       |       |    43 ||    43
